 Dungeon Crawl Stone Soup version 0.17-a0-1718-g72dbe4d (webtiles) character file.

56 Yloidan the Sneak (level 4, 0/24 HPs)
             Began as a Kobold Enchanter on Aug 26, 2015.
             Slain by an adder (2 damage)
             ... on level 2 of the Dungeon.
             The game lasted 00:17:31 (1626 turns).

Yloidan the Sneak (Kobold Enchanter)                Turns: 1626, Time: 00:17:31

Health: 0/24       AC:  6    Str:  6    XL:     4   Next: 17%
Magic:  3/7        EV: 16    Int: 13    God:
Gold:   60         SH:  0    Dex: 17    Spells: 3 memorised, 1 level left

rFire  . . .     SeeInvis .     d - staff of poison
rCold  . . .     Clarity  .     v - +0 robe (curse)
rNeg   + . .     SustAt   .     (shield restricted)
rPois  +         Gourm    .     (no helmet)
rElec  .         Spirit   .     (no cloak)
rCorr  .         Warding  .     (no gloves)
rMut   .         Stasis   .     (no boots)
MR     .....                    (no amulet)
Stlth  +++.......               w - ring of positive energy
                                g - +4 ring of protection

@: lethally poisoned (0 -> -8), not resistant to hostile enchantments, fairly
stealthy
A: carnivore 3
a: no special abilities


You were on level 2 of the Dungeon.
You were not hungry.

You visited 1 branch of the dungeon, and saw 2 of its levels.

You collected 60 gold pieces.

Inventory:

Hand weapons
 a - a +1 dagger
 e - a +0 dagger
 k - a +0 dagger
 l - a +0 dagger
 m - a +0 hunting sling
 n - a +0 club
 p - a +0 short sword
 u - a +0 dagger
 y - a +0 war axe
Missiles
 i - 46 stones (quivered)
 j - 26 bolts
 s - 33 arrows
 t - 10 bolts of flame
Armour
 b - a +1 robe
 o - a +0 leather armour
 r - a +0 ring mail
 v - a cursed +0 robe (worn)
Magical staves
 d - an uncursed staff of poison (weapon)
Jewellery
 g - a +4 ring of protection (left hand)
 w - a ring of positive energy (right hand)
Books
 c - a book of Maledictions

   Spells                             Type                      Level
   a - Corona                         Hexes                        1
   b - Ensorcelled Hibernation        Hexes/Ice                    2
   c - Confuse                        Hexes                        3
   d - Tukima's Dance                 Hexes                        3
   e - Dazzling Spray                 Conjuration/Hexes            3
Comestibles
 f - a royal jelly
 h - 2 bread rations
 q - a beef jerky
 z - a meat ration


   Skills:
 + Level 1.7 Short Blades
 + Level 2.8 Dodging
 + Level 4.9 Stealth
 + Level 2.3 Spellcasting
 + Level 3.5 Hexes
 + Level 0.6 Ice Magic


You had one spell level left.
You knew the following spells:

 Your Spells              Type           Power        Failure   Level  Hunger
a - Corona                Hex            ##.....      8%          1    #......
b - Ensorcelled Hibernat  Hex/Ice        #.....       17%         2    ###....
c - Tukima's Dance        Hex            ##......     17%         3    ###....


Dungeon Overview and Level Annotations

Branches:
Dungeon (2/15)

Altars:

Annotations:
D:2 Robin


Innate Abilities, Weirdness & Mutations

You are small and have problems with some larger weapons.
You are carnivorous and can eat meat at any time.


Message History

Robin roars a battlecry!
The goblins go into a battle-frenzy!
The adder completely misses you.
You hit the adder but do no damage.
The adder is almost dead.
You feel sick. The adder closely misses you. The adder completely misses you.
You closely miss the adder.
The adder is almost dead.
The adder closely misses you.
You barely miss the adder.
The adder is almost dead.
The adder misses you. The adder bites you.
* * * LOW HITPOINT WARNING * * *
You are lethally poisoned!
The adder poisons you!
You hit the adder but do no damage.
The adder is almost dead.
* * * LOW HITPOINT WARNING * * *
You feel sick. The adder bites you.
You die...

## #.. #...
#...g
....gg##########
...gSgS@.......#
....gg########.#
....g
#.######### ....
#.........# ...
#.######.## ..
### #.# . #.#
#.# #.#


You could see Robin, a gnoll, 2 adders, a hobgoblin (frenzied) and 5 goblins.

Vanquished Creatures
  2 adders (D:2)
  A giant gecko (D:1)
  9 hobgoblins
  6 jackals (D:1)
  5 kobolds (D:1)
  3 bats
  2 giant newts (D:1)
  5 goblins
  A rat (D:1)
34 creatures vanquished.

Notes
Turn   | Place    | Note
--------------------------------------------------------------
     0 | D:1      | Yloidan the Kobold Enchanter began the quest for the Orb.
     0 | D:1      | Reached XP level 1. HP: 10/10 MP: 3/3
   134 | D:1      | Reached XP level 2. HP: 13/15 MP: 3/5
   150 | D:1      | Learned a level 2 spell: Ensorcelled Hibernation
   746 | D:1      | Reached XP level 3. HP: 19/19 MP: 3/6
  1196 | D:2      | Learned a level 3 spell: Tukima's Dance
  1579 | D:2      | Noticed Robin
  1581 | D:2      | Reached XP level 4. HP: 24/24 MP: 0/7
  1626 | D:2      | Slain by an adder

Vault maps used:
D:1:      dpeg_arrival_three_same_balls
D:2:      lemuel_round_altar, minivault_5, kennysheep_another_room, uniq_robin

Action                   |  1- 3 |  4- 6 || total
-------------------------+-------+-------++-------
Melee: Dagger            |   104 |       ||   104
       Staff             |     2 |    44 ||    46
Throw: Stone             |     2 |       ||     2
 Cast: Corona            |     3 |       ||     3
       Ensorcelled Hiber |    14 |       ||    14
       Tukima's Dance    |     2 |     1 ||     3
  Use: Scroll            |     5 |       ||     5
 Stab: Sleeping          |    11 |       ||    11
  Eat: Meat ration       |     1 |       ||     1
       Chunk             |     1 |       ||     1
